NULL
Full Scoreboard »»

Blues vs Golden Knights

Created - April 29, 2024 at 22:11

Goals
1 2 3 T
Blues 0 3 3 6
Golden Knights 1 1 1 3
Shots
1 2 3 T
Blues 8 12 24 44
Golden Knights 9 12 16 37

GoalsPenalties
1st period
1. Golden Knights , Shane Pinto 21 (Jared Spurgeon 30) at 14:59
Patrick Brown (VGK) for Holding (Minor) at 10:26
Milan Lucic (STL) for Boarding (Minor) at 19:47
2nd period
2. Blues , Mathew Barzal 33 (Dylan Larkin 50) at 5:44 (PP)
3. Blues , Connor Bedard 28 (Trevor Zegras 31, Caleb Jones 11) at 10:07
4. Golden Knights , Joel Farabee 21 (Shane Pinto 24) at 13:58
5. Blues , Mathew Barzal 34 (Dylan Larkin 51) at 15:52 (PP)
Josh Anderson (VGK) for Diving (Minor) at 5:11
Josh Anderson (VGK) for Fighting (Major) at 9:09
Milan Lucic (STL) for Fighting (Major) at 9:09
Mark Stone (VGK) for Hooking (Minor) at 10:24
Brett Pesce (VGK) for Tripping (Minor) at 14:09
3rd period
6. Blues , Sam Bennett 20 (Mathew Barzal 41, Dylan Larkin 52) at 4:52
7. Blues , Mason Marchment 20 (Brandon Hagel 23, Mathieu Joseph 9) at 14:04
8. Golden Knights , Ryan Leonard 22 (Taylor Raddysh 23, Josh Morrissey 25) at 14:54 (PP)
9. Blues , Filip Hronek 5 (Trevor Zegras 32, Connor Bedard 27) at 18:45 (PP)
Josh Morrissey (VGK) for Roughing (Minor) at 8:06
Carson Soucy (STL) for High sticking (Minor) at 14:45
Alex DeBrincat (VGK) for Interference (Minor) at 17:49
Goalie Stats
Frederik Andersen (STL), 34 saves from 37 shots - (0.919), W, 24-13-2, 60:00 minutes
Anthony Stolarz (VGK), 38 saves from 44 shots - (0.864), L, 9-7-3, 60:00 minutes
3 StarsOfficial
1 - Mathew Barzal (STL)
2 - Dylan Larkin (STL)
3 - Sam Bennett (STL)
Referees : Unknown
Linesman : Unknown
Game Note
Josh Anderson and Milan Lucic fight to a draw at 9:09 of 2nd period



Team Name Goals Shots Shots Attemp Shots Blocked PIM HIT PP PK FO%
Blues 64477139253 / 6 (50%)148%
Golden Knights 337751317231 / 2 (50%)352%

Blues
Player Name POS G A P +/- PIM HIT SHT SB MP PP MP PP SHT PK MP PK SHT FO% FOT GA TA
Brandon HagelLW0111006114:530:0001:0800% 121
Brandon MontourD0000022122:324:0900:0000% 010
Brett RitchieLW/RW000000037:330:0000:0000% 000
Caleb JonesD0111021021:415:0001:0000% 002
Carson SoucyD0000210215:460:0001:0800% 002
Colin MillerD0000001115:470:0001:0800% 000
Connor BedardC112-1002019:184:5600:01039% 2300
Dylan LarkinC/LW0331015017:544:1310:00052% 2300
Erik KarlssonD0000013222:324:0900:0000% 000
Filip HronekD1011021121:415:0011:0000% 002
Mason MarchmentC/LW1011014114:430:0601:0700% 601
Mathew BarzalC/RW2131016017:544:1330:00050% 420
Mathieu JosephRW0111041114:250:0001:000100% 100
Milan LucicLW/RW000072007:050:0000:000100% 100
Patrick KaneLW/RW000-1015018:564:5610:000100% 221
Sam BennettC/LW/RW1011044017:404:0700:00050% 202
Trevor LewisC/LW/RW000001108:330:0001:000100% 420
Trevor ZegrasC/LW022-1022018:564:5610:0000% 000
Golden Knights
Player Name POS G A P +/- PIM HIT SHT SB MP PP MP PP SHT PK MP PK SHT FO% FOT GA TA
Alex DeBrincatC/LW/RW000-1204017:241:0504:09060% 520
Brett PesceD0001202120:451:0704:1400% 010
Jared SpurgeonD0111021121:461:0705:1400% 002
Joel FarabeeLW1010011115:370:0000:0600% 000
Josh AndersonRW0000711016:001:0303:1000% 110
Josh MorrisseyD011-1262122:121:0112:5200% 001
Kieffer BellowsLW000000108:050:0000:0000% 010
Mark StoneLW/RW000-1213116:461:0503:2300% 000
Mike MathesonD000-1012523:051:0114:0500% 002
Nathan BastianRW000000008:050:0000:0000% 001
Nick BlankenburgD000-1010017:120:0001:5300% 000
Owen PowerD000-1001015:190:0000:0000% 000
Patrick BrownC000021109:130:0000:58040% 500
Pius SuterC/RW0000011017:050:0001:2200% 000
Ryan LeonardC/LW/RW1010016114:481:0310:48038% 2131
Shane PintoC1120037216:060:0000:00062% 1331
Taylor RaddyshLW/RW0110021013:391:0300:0000% 001
Tomas HertlC/LW/RW000-1023017:371:0504:22164% 2200

Blues

5 vs 5 Forward
Line #Left WingCenterRight WingPHYDFOFWanted %Time %Time Play
1Sam BennettDylan LarkinMathew Barzal1223529%14:02
2Trevor ZegrasConnor BedardPatrick Kane1223529%14:00
3Brandon HagelMason MarchmentMathieu Joseph1222027%13:08
4Milan LucicTrevor LewisBrett Ritchie1221015%7:33
5 vs 5 Defense
Line #DefenseDefensePHYDFOFWanted %Time %Time Play
1Erik KarlssonBrandon Montour1223537%17:56
2Filip HronekCaleb Jones1223534%16:21
3Colin MillerCarson Soucy1223029%13:59
4Erik KarlssonBrandon Montour12201%0:27
Power Play Forward
Line #Left WingCenterRight WingPHYDFOFWanted %Time %Time Play
1Sam BennettDylan LarkinMathew Barzal1225046%4:13
2Trevor ZegrasConnor BedardPatrick Kane1225054%4:56
Power Play Defense
Line #DefenseDefensePHYDFOFWanted %Time %Time Play
1Erik KarlssonBrandon Montour1225045%4:09
2Filip HronekCaleb Jones1225055%5:00
Penalty Kill 4 Players Forward
Line #CenterWingPHYDFOFWanted %Time %Time Play
1Mason MarchmentBrandon Hagel1225053%1:08
2Trevor LewisMathieu Joseph1225047%1:00
Penalty Kill 4 Players Defense
Line #DefenseDefensePHYDFOFWanted %Time %Time Play
1Filip HronekCaleb Jones1225047%1:00
2Colin MillerCarson Soucy1225053%1:08
Penalty Kill 3 Players
Line #WingPHYDFOFWanted %Time %Time PlayDefenseDefensePHYDFOFWanted %Time %Time Play
1Dylan Larkin122500%0:00 Erik KarlssonBrandon Montour122500%0:00
2Mathew Barzal122500%0:00 Filip HronekCaleb Jones122500%0:00
4 vs 4 Forward
Line #CenterWingPHYDFOFWanted %Time %Time Play
1Dylan LarkinMathew Barzal122500%0:00
2Sam BennettBrandon Hagel122500%0:00
4 vs 4 Defense
Line #DefensePHYDFOFWanted %Time %Time Play
1Erik KarlssonBrandon Montour122500%0:00
2Filip HronekCaleb Jones122500%0:00
Last Minutes Offensive
Left WingCenterRight WingDefenseDefense
Sam BennettDylan LarkinMathew BarzalErik KarlssonBrandon Montour
Last Minutes Defensive
Left WingCenterRight WingDefenseDefense
Sam BennettDylan LarkinMathew BarzalErik KarlssonBrandon Montour
Time
Total ForwardTotal DefenseLast Minutes OffensiveLast Minutes Defensive
60:00 60:00 0:000:00
Extra Forwards
Normal PowerPlayPenalty Kill
Mason Marchment, Connor Bedard, Mathieu JosephMason Marchment, Connor BedardMathieu Joseph
Extra Defensemen
Normal PowerPlayPenalty Kill
Colin Miller, Carson Soucy, Filip HronekColin Miller, Carson SoucyFilip Hronek
Penalty Shots
Dylan Larkin, Mathew Barzal, Sam Bennett, Brandon Hagel, Patrick Kane
Goalie
Frederik Andersen, Alexandar Georgiev
Custom OT Lines Forwards
Dylan Larkin, Mathew Barzal, Sam Bennett, Brandon Hagel, Patrick Kane, Trevor Zegras, Mason Marchment, Connor Bedard, Mathieu Joseph, Trevor Lewis
Custom OT Lines Defensemen
Erik Karlsson, Brandon Montour, Filip Hronek, Caleb Jones, Colin Miller
Scratches
Michael Stone (Healthy), Vinnie Hinostroza (Healthy)

Golden Knights

5 vs 5 Forward
Line #Left WingCenterRight WingPHYDFOFWanted %Time %Time Play
1Mark StoneTomas HertlAlex DeBrincat1223026%12:40
2Taylor RaddyshRyan LeonardJosh Anderson1223026%12:36
3Joel FarabeeShane PintoPius Suter1223032%15:22
4Kieffer BellowsPatrick BrownNathan Bastian1221017%8:05
5 vs 5 Defense
Line #DefenseDefensePHYDFOFWanted %Time %Time Play
1Mike MathesonJosh Morrissey1223033%15:56
2Jared SpurgeonBrett Pesce1223030%14:30
3Owen PowerNick Blankenburg1223031%15:19
4Mike MathesonJosh Morrissey122106%2:58
Power Play Forward
Line #Left WingCenterRight WingPHYDFOFWanted %Time %Time Play
1Mark StoneTomas HertlAlex DeBrincat1225051%1:05
2Taylor RaddyshRyan LeonardJosh Anderson1225049%1:03
Power Play Defense
Line #DefenseDefensePHYDFOFWanted %Time %Time Play
1Mike MathesonJosh Morrissey1225048%1:01
2Jared SpurgeonBrett Pesce1225052%1:07
Penalty Kill 4 Players Forward
Line #CenterWingPHYDFOFWanted %Time %Time Play
1Tomas HertlMark Stone1225052%4:46
2Alex DeBrincatJosh Anderson1225048%4:23
Penalty Kill 4 Players Defense
Line #DefenseDefensePHYDFOFWanted %Time %Time Play
1Mike MathesonJosh Morrissey1225046%4:12
2Jared SpurgeonBrett Pesce1225054%4:57
Penalty Kill 3 Players
Line #WingPHYDFOFWanted %Time %Time PlayDefenseDefensePHYDFOFWanted %Time %Time Play
1Tomas Hertl122500%0:00 Mike MathesonJosh Morrissey122500%0:00
2Mark Stone122500%0:00 Jared SpurgeonBrett Pesce122500%0:00
4 vs 4 Forward
Line #CenterWingPHYDFOFWanted %Time %Time Play
1Tomas HertlMark Stone122500%0:00
2Alex DeBrincatJosh Anderson122500%0:00
4 vs 4 Defense
Line #DefensePHYDFOFWanted %Time %Time Play
1Mike MathesonJosh Morrissey122500%0:00
2Jared SpurgeonBrett Pesce122500%0:00
Last Minutes Offensive
Left WingCenterRight WingDefenseDefense
Mark StoneTomas HertlAlex DeBrincatMike MathesonJosh Morrissey
Last Minutes Defensive
Left WingCenterRight WingDefenseDefense
Mark StoneTomas HertlAlex DeBrincatMike MathesonJosh Morrissey
Time
Total ForwardTotal DefenseLast Minutes OffensiveLast Minutes Defensive
60:00 60:00 0:000:00
Extra Forwards
Normal PowerPlayPenalty Kill
Shane Pinto, Joel Farabee, Pius SuterShane Pinto, Joel FarabeePius Suter
Extra Defensemen
Normal PowerPlayPenalty Kill
Owen Power, Nick Blankenburg, Jared SpurgeonOwen Power, Nick BlankenburgJared Spurgeon
Penalty Shots
Tomas Hertl, Mark Stone, Alex DeBrincat, Josh Anderson, Ryan Leonard
Goalie
Anthony Stolarz, Mikko Koskinen
Custom OT Lines Forwards
Tomas Hertl, Mark Stone, Alex DeBrincat, Josh Anderson, Ryan Leonard, Shane Pinto, Taylor Raddysh, Joel Farabee, Pius Suter, Nathan Bastian
Custom OT Lines Defensemen
Mike Matheson, Josh Morrissey, Jared Spurgeon, Brett Pesce, Owen Power
Scratches
Aku Raty (Healthy), Sergei Bobrovsky (Exhaustion)


Play-by-Play

1st period


0:01 of 1st period - Tomas Hertl wins face-off versus Dylan Larkin in neutral zone.
0:26 of 1st period - Patrick Kane is hit by Josh Anderson and loses puck.
0:35 of 1st period - Snap shot by Patrick Kane.
0:35 of 1st period - Shot Blocked by Mike Matheson.
0:53 of 1st period - Pius Suter is hit by Milan Lucic and loses puck.
1:29 of 1st period - Icing by Mark Stone.
1:30 of 1st period - Tomas Hertl wins face-off versus Dylan Larkin in Golden Knights zone.
2:19 of 1st period - Snap shot by Shane Pinto.
2:19 of 1st period - Shot Misses the Net.
2:21 of 1st period - Wrist shot by Joel Farabee.
2:21 of 1st period - Shot Misses the Net.
2:23 of 1st period - Slapshot by Owen Power.
2:23 of 1st period - Stopped by Frederik Andersen with a rebound.
2:33 of 1st period - Brandon Hagel is hit by Pius Suter and loses puck.
2:44 of 1st period - Slapshot by Erik Karlsson.
2:44 of 1st period - Shot Blocked by Mike Matheson.
2:46 of 1st period - Slapshot by Erik Karlsson.
2:46 of 1st period - Deflect By Josh Morrissey.
2:46 of 1st period - Stopped by Anthony Stolarz with a rebound.
3:02 of 1st period - Mike Matheson is hit by Trevor Lewis and loses puck.
3:11 of 1st period - Slapshot by Brandon Montour.
3:11 of 1st period - Stopped by Anthony Stolarz with a rebound.
3:13 of 1st period - Slapshot by Erik Karlsson.
3:13 of 1st period - Stopped by Anthony Stolarz without a rebound.
3:14 of 1st period - Ryan Leonard wins face-off versus Connor Bedard in Golden Knights zone.
3:25 of 1st period - Wrist shot by Patrick Kane.
3:25 of 1st period - Shot Blocked by Brett Pesce.
3:27 of 1st period - Slapshot by Caleb Jones.
3:27 of 1st period - Stopped by Anthony Stolarz with a rebound.
3:29 of 1st period - Snap shot by Trevor Zegras.
3:29 of 1st period - Shot Misses the Net.
3:39 of 1st period - Dylan Larkin is hit by Shane Pinto.
3:43 of 1st period - Jared Spurgeon is hit by Sam Bennett and loses puck.
4:44 of 1st period - Snap shot by Trevor Lewis.
4:44 of 1st period - Shot Blocked by Ryan Leonard.
5:34 of 1st period - Erik Karlsson is hit by Josh Morrissey and loses puck.
6:00 of 1st period - Off-side.
6:01 of 1st period - Dylan Larkin wins face-off versus Shane Pinto in neutral zone.
6:28 of 1st period - Snap shot by Tomas Hertl.
6:28 of 1st period - Shot Blocked by Filip Hronek.
7:10 of 1st period - Snap shot by Mathieu Joseph.
7:10 of 1st period - Shot Misses the Net.
7:12 of 1st period - Wrist shot by Dylan Larkin.
7:12 of 1st period - Stopped by Anthony Stolarz without a rebound.
7:13 of 1st period - Dylan Larkin wins face-off versus Shane Pinto in Golden Knights zone.
7:38 of 1st period - Erik Karlsson is hit by Josh Morrissey and loses puck.
8:20 of 1st period - Snap shot by Sam Bennett.
8:20 of 1st period - Stopped by Anthony Stolarz without a rebound.
8:21 of 1st period - Patrick Brown wins face-off versus Sam Bennett in Golden Knights zone.
8:53 of 1st period - Slapshot by Patrick Kane.
8:53 of 1st period - Stopped by Anthony Stolarz without a rebound.
8:54 of 1st period - Connor Bedard wins face-off versus Tomas Hertl in Golden Knights zone.
9:09 of 1st period - Erik Karlsson is hit by Tomas Hertl and loses puck.
9:23 of 1st period - Slapshot by Pius Suter.
9:23 of 1st period - Shot Misses the Net.
9:25 of 1st period - Snap shot by Shane Pinto.
9:25 of 1st period - Stopped by Frederik Andersen with a rebound.
9:27 of 1st period - Snap shot by Shane Pinto.
9:27 of 1st period - Stopped by Frederik Andersen with a rebound.
9:29 of 1st period - Slapshot by Mike Matheson.
9:29 of 1st period - Shot Misses the Net.
9:31 of 1st period - Wrist shot by Shane Pinto.
9:31 of 1st period - Shot Misses the Net.
9:33 of 1st period - Slapshot by Mike Matheson.
9:33 of 1st period - Stopped by Frederik Andersen with a rebound.
9:47 of 1st period - Ryan Leonard is hit by Mathieu Joseph.
10:26 of 1st period - Minor Penalty to Patrick Brown for Holding.
10:27 of 1st period - Dylan Larkin wins face-off versus Tomas Hertl in Golden Knights zone.
11:10 of 1st period - Mark Stone is hit by Brandon Montour and loses puck.
12:26 of 1st period - Penalty to Patrick Brown is over, Patrick Brown is back on ice.
12:31 of 1st period - Wrist shot by Tomas Hertl.
12:31 of 1st period - Shot Misses the Net.
12:35 of 1st period - Wrist shot by Shane Pinto.
12:35 of 1st period - Shot Blocked by Brandon Hagel.
12:37 of 1st period - Slapshot by Owen Power.
12:37 of 1st period - Shot Blocked by Erik Karlsson.
12:39 of 1st period - Snap shot by Shane Pinto.
12:39 of 1st period - Stopped by Frederik Andersen without a rebound.
12:40 of 1st period - Shane Pinto wins face-off versus Mason Marchment in Blues zone.
12:47 of 1st period - Snap shot by Pius Suter.
12:47 of 1st period - Shot Misses the Net.
13:05 of 1st period - Nick Blankenburg is hit by Milan Lucic and loses puck.
13:24 of 1st period - Snap shot by Ryan Leonard.
13:24 of 1st period - Stopped by Frederik Andersen with a rebound.
13:26 of 1st period - Backhand shot by Ryan Leonard.
13:26 of 1st period - Shot Misses the Net.
13:28 of 1st period - Slapshot by Josh Anderson.
13:28 of 1st period - Shot Misses the Net.
13:48 of 1st period - Snap shot by Connor Bedard.
13:48 of 1st period - Stopped by Anthony Stolarz with a rebound.
13:50 of 1st period - Slapshot by Patrick Kane.
13:50 of 1st period - Shot Misses the Net.
13:52 of 1st period - Slapshot by Carson Soucy.
13:52 of 1st period - Shot Misses the Net.
13:54 of 1st period - Slapshot by Carson Soucy.
13:54 of 1st period - Deflect By Connor Bedard.
13:54 of 1st period - Shot Misses the Net.
13:54 of 1st period - Puck is out of play.
13:55 of 1st period - Shane Pinto wins face-off versus Brandon Hagel in Golden Knights zone.
14:20 of 1st period - Tomas Hertl is hit by Patrick Kane and loses puck.
14:31 of 1st period - Backhand shot by Connor Bedard.
14:31 of 1st period - Shot Misses the Net.
14:55 of 1st period - Snap shot by Ryan Leonard.
14:55 of 1st period - Deflect By Josh Anderson.
14:55 of 1st period - Shot Misses the Net.
14:55 of 1st period - Puck is out of play.
14:56 of 1st period - Shane Pinto wins face-off versus Connor Bedard in Blues zone.
14:59 of 1st period - Snap shot by Shane Pinto.
14:59 of 1st period - Goal by Shane Pinto - Blues : 0 - Golden Knights : 1.
15:00 of 1st period - Ryan Leonard wins face-off versus Connor Bedard in neutral zone.
15:07 of 1st period - Trevor Zegras is hit by Josh Morrissey and loses puck.
15:26 of 1st period - Sam Bennett is hit by Tomas Hertl.
16:33 of 1st period - Wrist shot by Alex DeBrincat.
16:33 of 1st period - Shot Misses the Net.
16:51 of 1st period - Snap shot by Ryan Leonard.
16:51 of 1st period - Stopped by Frederik Andersen with a rebound.
16:53 of 1st period - Backhand shot by Josh Anderson.
16:53 of 1st period - Shot Misses the Net.
16:59 of 1st period - Snap shot by Ryan Leonard.
16:59 of 1st period - Shot Blocked by Carson Soucy.
17:01 of 1st period - Wrist shot by Brett Pesce.
17:01 of 1st period - Shot Blocked by Brett Ritchie.
18:01 of 1st period - Alex DeBrincat is hit by Caleb Jones and loses puck.
18:21 of 1st period - Jared Spurgeon is hit by Sam Bennett and loses puck.
18:47 of 1st period - Connor Bedard is hit by Josh Morrissey and loses puck.
19:06 of 1st period - Snap shot by Shane Pinto.
19:06 of 1st period - Stopped by Frederik Andersen with a rebound.
19:21 of 1st period - Pius Suter is hit by Dylan Larkin and loses puck.
19:47 of 1st period - Minor Penalty to Milan Lucic for Boarding.
19:48 of 1st period - Tomas Hertl wins face-off versus Mason Marchment in Blues zone.
Goals for this period are 0 for Blues vs 1 for Golden Knights.
Shots for this period are 8 for Blues vs 9 for Golden Knights.

2nd period


0:01 of 2nd period - Trevor Lewis wins face-off versus Ryan Leonard in neutral zone.
0:04 of 2nd period - Josh Anderson is hit by Mathieu Joseph and loses puck.
0:13 of 2nd period - Slapshot by Josh Morrissey.
0:13 of 2nd period - Stopped by Frederik Andersen with a rebound.
0:15 of 2nd period - Backhand shot by Mike Matheson.
0:15 of 2nd period - Stopped by Frederik Andersen with a rebound.
1:47 of 2nd period - Penalty to Milan Lucic is over, Milan Lucic is back on ice.
1:54 of 2nd period - Colin Miller is hit by Nick Blankenburg and loses puck.
2:17 of 2nd period - Wrist shot by Mathew Barzal.
2:17 of 2nd period - Shot Misses the Net.
2:38 of 2nd period - Slapshot by Kieffer Bellows.
2:38 of 2nd period - Stopped by Frederik Andersen with a rebound.
2:54 of 2nd period - Wrist shot by Shane Pinto.
2:54 of 2nd period - Stopped by Frederik Andersen without a rebound.
2:55 of 2nd period - Milan Lucic wins face-off versus Shane Pinto in Blues zone.
3:20 of 2nd period - Filip Hronek is hit by Mark Stone and loses puck.
3:25 of 2nd period - Snap shot by Tomas Hertl.
3:25 of 2nd period - Stopped by Frederik Andersen with a rebound.
3:56 of 2nd period - Wrist shot by Trevor Zegras.
3:56 of 2nd period - Stopped by Anthony Stolarz without a rebound.
3:57 of 2nd period - Shane Pinto wins face-off versus Dylan Larkin in Golden Knights zone.
4:29 of 2nd period - Snap shot by Mark Stone.
4:29 of 2nd period - Shot Blocked by Mason Marchment.
4:31 of 2nd period - Slapshot by Tomas Hertl.
4:31 of 2nd period - Shot Misses the Net.
4:33 of 2nd period - Slapshot by Brett Pesce.
4:33 of 2nd period - Stopped by Frederik Andersen with a rebound.
4:35 of 2nd period - Slapshot by Jared Spurgeon.
4:35 of 2nd period - Stopped by Frederik Andersen without a rebound.
4:36 of 2nd period - Dylan Larkin wins face-off versus Ryan Leonard in Blues zone.
4:43 of 2nd period - Snap shot by Ryan Leonard.
4:43 of 2nd period - Stopped by Frederik Andersen with a rebound.
4:48 of 2nd period - Off-side.
4:49 of 2nd period - Connor Bedard wins face-off versus Ryan Leonard in neutral zone.
4:58 of 2nd period - Josh Morrissey is hit by Trevor Zegras and loses puck.
5:05 of 2nd period - Snap shot by Patrick Kane.
5:05 of 2nd period - Stopped by Anthony Stolarz with a rebound.
5:11 of 2nd period - Minor Penalty to Josh Anderson for Diving.
5:12 of 2nd period - Connor Bedard wins face-off versus Alex DeBrincat in Golden Knights zone.
5:37 of 2nd period - Alex DeBrincat is hit by Sam Bennett and loses puck.
5:44 of 2nd period - Snap shot by Mathew Barzal.
5:44 of 2nd period - Goal by Mathew Barzal - Blues : 1 - Golden Knights : 1.
5:45 of 2nd period - Connor Bedard wins face-off versus Ryan Leonard in neutral zone.
5:45 of 2nd period - Trevor Zegras is hit by Taylor Raddysh and loses puck.
6:18 of 2nd period - Snap shot by Mathew Barzal.
6:18 of 2nd period - Stopped by Anthony Stolarz with a rebound.
6:20 of 2nd period - Slapshot by Colin Miller.
6:20 of 2nd period - Stopped by Anthony Stolarz without a rebound.
6:21 of 2nd period - Dylan Larkin wins face-off versus Ryan Leonard in Golden Knights zone.
7:13 of 2nd period - Snap shot by Trevor Lewis.
7:13 of 2nd period - Stopped by Anthony Stolarz with a rebound.
7:21 of 2nd period - Snap shot by Alex DeBrincat.
7:21 of 2nd period - Stopped by Frederik Andersen with a rebound.
8:43 of 2nd period - Wrist shot by Mathew Barzal.
8:43 of 2nd period - Shot Blocked by Jared Spurgeon.
9:04 of 2nd period - Icing by Brandon Montour.
9:05 of 2nd period - Trevor Lewis wins face-off versus Ryan Leonard in Blues zone.
9:09 of 2nd period - Josh Anderson and Milan Lucic fight to a draw.
9:09 of 2nd period - Penalty to Josh Anderson for Fighting.
9:09 of 2nd period - Penalty to Milan Lucic for Fighting.
9:10 of 2nd period - Tomas Hertl wins face-off versus Connor Bedard in Blues zone.
9:32 of 2nd period - Icing by Mike Matheson.
9:33 of 2nd period - Dylan Larkin wins face-off versus Tomas Hertl in Golden Knights zone.
9:42 of 2nd period - Caleb Jones is hit by Josh Morrissey and loses puck.
10:03 of 2nd period - Snap shot by Patrick Kane.
10:03 of 2nd period - Shot Misses the Net.
10:05 of 2nd period - Slapshot by Caleb Jones.
10:05 of 2nd period - Shot Misses the Net.
10:07 of 2nd period - Snap shot by Trevor Zegras.
10:07 of 2nd period - Deflect By Connor Bedard.
10:07 of 2nd period - Goal by Connor Bedard - Blues : 2 - Golden Knights : 1.
10:08 of 2nd period - Tomas Hertl wins face-off versus Connor Bedard in neutral zone.
10:24 of 2nd period - Minor Penalty to Mark Stone for Hooking.
10:25 of 2nd period - Dylan Larkin wins face-off versus Tomas Hertl in Golden Knights zone.
10:27 of 2nd period - Wrist shot by Mathew Barzal.
10:27 of 2nd period - Stopped by Anthony Stolarz with a rebound.
12:24 of 2nd period - Penalty to Mark Stone is over, Mark Stone is back on ice.
12:27 of 2nd period - Mark Stone is hit by Mathew Barzal and loses puck.
13:36 of 2nd period - Nathan Bastian is hit by Mathieu Joseph.
13:37 of 2nd period - Icing by Nathan Bastian.
13:38 of 2nd period - Mathieu Joseph wins face-off versus Patrick Brown in Golden Knights zone.
13:41 of 2nd period - Slapshot by Brandon Montour.
13:41 of 2nd period - Shot Misses the Net.
13:51 of 2nd period - Patrick Kane is hit by Joel Farabee and loses puck.
13:58 of 2nd period - Snap shot by Joel Farabee.
13:58 of 2nd period - Goal by Joel Farabee - Blues : 2 - Golden Knights : 2.
13:59 of 2nd period - Dylan Larkin wins face-off versus Ryan Leonard in neutral zone.
14:06 of 2nd period - Wrist shot by Dylan Larkin.
14:06 of 2nd period - Stopped by Anthony Stolarz without a rebound.
14:07 of 2nd period - Ryan Leonard wins face-off versus Mathew Barzal in Golden Knights zone.
14:09 of 2nd period - Minor Penalty to Brett Pesce for Tripping.
14:10 of 2nd period - Alex DeBrincat wins face-off versus Connor Bedard in Golden Knights zone.
14:20 of 2nd period - Slapshot by Connor Bedard.
14:20 of 2nd period - Deflect By Patrick Kane.
14:20 of 2nd period - Shot Blocked by Mark Stone.
14:20 of 2nd period - Puck is out of play.
14:21 of 2nd period - Tomas Hertl wins face-off versus Mathew Barzal in Golden Knights zone.
14:42 of 2nd period - Snap shot by Tomas Hertl.
14:42 of 2nd period - Stopped by Frederik Andersen without a rebound.
14:43 of 2nd period - Alex DeBrincat wins face-off versus Connor Bedard in Blues zone.
14:56 of 2nd period - Snap shot by Patrick Kane.
14:56 of 2nd period - Stopped by Anthony Stolarz with a rebound.
15:08 of 2nd period - Mark Stone is hit by Erik Karlsson and loses puck.
15:42 of 2nd period - Off-side.
15:43 of 2nd period - Dylan Larkin wins face-off versus Josh Anderson in neutral zone.
15:48 of 2nd period - Snap shot by Dylan Larkin.
15:48 of 2nd period - Stopped by Anthony Stolarz without a rebound.
15:49 of 2nd period - Mathew Barzal wins face-off versus Alex DeBrincat in Golden Knights zone.
15:52 of 2nd period - Wrist shot by Mathew Barzal.
15:52 of 2nd period - Goal by Mathew Barzal - Blues : 3 - Golden Knights : 2.
15:53 of 2nd period - Tomas Hertl wins face-off versus Dylan Larkin in neutral zone.
16:25 of 2nd period - Patrick Kane is hit by Taylor Raddysh.
16:29 of 2nd period - Snap shot by Ryan Leonard.
16:29 of 2nd period - Stopped by Frederik Andersen with a rebound.
16:48 of 2nd period - Off-side.
16:49 of 2nd period - Dylan Larkin wins face-off versus Tomas Hertl in neutral zone.
17:39 of 2nd period - Mason Marchment is hit by Patrick Brown.
18:04 of 2nd period - Wrist shot by Joel Farabee.
18:04 of 2nd period - Deflect By Brett Ritchie.
18:04 of 2nd period - Shot Blocked by Brett Ritchie.
18:04 of 2nd period - Puck is out of play.
18:05 of 2nd period - Trevor Lewis wins face-off versus Ryan Leonard in Blues zone.
18:20 of 2nd period - Wrist shot by Ryan Leonard.
18:20 of 2nd period - Deflect By Taylor Raddysh.
18:20 of 2nd period - Shot Misses the Net.
18:20 of 2nd period - Puck is out of play.
18:21 of 2nd period - Tomas Hertl wins face-off versus Dylan Larkin in Blues zone.
18:46 of 2nd period - Patrick Kane is hit by Shane Pinto and loses puck.
19:37 of 2nd period - Dylan Larkin is hit by Josh Morrissey.
Goals for this period are 3 for Blues vs 1 for Golden Knights.
Shots for this period are 12 for Blues vs 12 for Golden Knights.

3rd period


0:01 of 3rd period - Patrick Kane wins face-off versus Tomas Hertl in neutral zone.
0:55 of 3rd period - Snap shot by Taylor Raddysh.
0:55 of 3rd period - Stopped by Frederik Andersen without a rebound.
0:56 of 3rd period - Ryan Leonard wins face-off versus Mason Marchment in Blues zone.
0:59 of 3rd period - Wrist shot by Ryan Leonard.
0:59 of 3rd period - Stopped by Frederik Andersen with a rebound.
1:01 of 3rd period - Wrist shot by Taylor Raddysh.
1:01 of 3rd period - Shot Misses the Net.
1:07 of 3rd period - Wrist shot by Ryan Leonard.
1:07 of 3rd period - Shot Misses the Net.
1:09 of 3rd period - Snap shot by Jared Spurgeon.
1:09 of 3rd period - Shot Blocked by Colin Miller.
1:11 of 3rd period - Slapshot by Brett Pesce.
1:11 of 3rd period - Shot Blocked by Carson Soucy.
1:21 of 3rd period - Snap shot by Mason Marchment.
1:21 of 3rd period - Shot Misses the Net.
1:23 of 3rd period - Wrist shot by Patrick Kane.
1:23 of 3rd period - Stopped by Anthony Stolarz without a rebound.
1:24 of 3rd period - Tomas Hertl wins face-off versus Connor Bedard in Golden Knights zone.
1:49 of 3rd period - Wrist shot by Tomas Hertl.
1:49 of 3rd period - Stopped by Frederik Andersen without a rebound.
1:50 of 3rd period - Ryan Leonard wins face-off versus Dylan Larkin in Blues zone.
1:51 of 3rd period - Snap shot by Josh Anderson.
1:51 of 3rd period - Shot Misses the Net.
1:56 of 3rd period - Off-side.
1:57 of 3rd period - Ryan Leonard wins face-off versus Dylan Larkin in neutral zone.
2:06 of 3rd period - Backhand shot by Ryan Leonard.
2:06 of 3rd period - Shot Misses the Net.
2:13 of 3rd period - Off-side.
2:14 of 3rd period - Shane Pinto wins face-off versus Connor Bedard in neutral zone.
2:25 of 3rd period - Trevor Zegras is hit by Mike Matheson.
3:08 of 3rd period - Ryan Leonard is hit by Filip Hronek and loses puck.
3:15 of 3rd period - Slapshot by Mathew Barzal.
3:15 of 3rd period - Stopped by Anthony Stolarz with a rebound.
3:17 of 3rd period - Wrist shot by Sam Bennett.
3:17 of 3rd period - Stopped by Anthony Stolarz without a rebound.
3:18 of 3rd period - Connor Bedard wins face-off versus Shane Pinto in Golden Knights zone.
3:19 of 3rd period - Wrist shot by Trevor Zegras.
3:19 of 3rd period - Shot Misses the Net.
3:49 of 3rd period - Wrist shot by Shane Pinto.
3:49 of 3rd period - Stopped by Frederik Andersen with a rebound.
3:51 of 3rd period - Wrist shot by Joel Farabee.
3:51 of 3rd period - Deflect By Trevor Lewis.
3:51 of 3rd period - Shot Misses the Net.
3:51 of 3rd period - Puck is out of play.
3:52 of 3rd period - Connor Bedard wins face-off versus Tomas Hertl in Blues zone.
3:52 of 3rd period - Erik Karlsson is hit by Jared Spurgeon and loses puck.
3:59 of 3rd period - Slapshot by Alex DeBrincat.
3:59 of 3rd period - Deflect By Mark Stone.
3:59 of 3rd period - Stopped by Frederik Andersen without a rebound.
4:00 of 3rd period - Tomas Hertl wins face-off versus Connor Bedard in Blues zone.
4:05 of 3rd period - Snap shot by Mark Stone.
4:05 of 3rd period - Shot Misses the Net.
4:07 of 3rd period - Wrist shot by Alex DeBrincat.
4:07 of 3rd period - Stopped by Frederik Andersen without a rebound.
4:08 of 3rd period - Tomas Hertl wins face-off versus Dylan Larkin in Blues zone.
4:21 of 3rd period - Jared Spurgeon is hit by Carson Soucy and loses puck.
4:36 of 3rd period - Wrist shot by Mason Marchment.
4:36 of 3rd period - Stopped by Anthony Stolarz with a rebound.
4:46 of 3rd period - Wrist shot by Brandon Hagel.
4:46 of 3rd period - Stopped by Anthony Stolarz without a rebound.
4:47 of 3rd period - Dylan Larkin wins face-off versus Shane Pinto in Golden Knights zone.
4:48 of 3rd period - Wrist shot by Mathew Barzal.
4:48 of 3rd period - Shot Misses the Net.
4:50 of 3rd period - Wrist shot by Mathew Barzal.
4:50 of 3rd period - Shot Blocked by Shane Pinto.
4:52 of 3rd period - Snap shot by Sam Bennett.
4:52 of 3rd period - Goal by Sam Bennett - Blues : 4 - Golden Knights : 2.
4:53 of 3rd period - Shane Pinto wins face-off versus Connor Bedard in neutral zone.
4:58 of 3rd period - Snap shot by Pius Suter.
4:58 of 3rd period - Stopped by Frederik Andersen with a rebound.
5:51 of 3rd period - Slapshot by Dylan Larkin.
5:51 of 3rd period - Shot Misses the Net.
5:53 of 3rd period - Snap shot by Sam Bennett.
5:53 of 3rd period - Stopped by Anthony Stolarz with a rebound.
6:05 of 3rd period - Snap shot by Tomas Hertl.
6:05 of 3rd period - Shot Blocked by Brett Ritchie.
6:07 of 3rd period - Snap shot by Mark Stone.
6:07 of 3rd period - Stopped by Frederik Andersen with a rebound.
6:09 of 3rd period - Wrist shot by Alex DeBrincat.
6:09 of 3rd period - Stopped by Frederik Andersen with a rebound.
6:11 of 3rd period - Slapshot by Owen Power.
6:11 of 3rd period - Deflect By Mark Stone.
6:11 of 3rd period - Stopped by Frederik Andersen with a rebound.
6:13 of 3rd period - Wrist shot by Owen Power.
6:13 of 3rd period - Shot Misses the Net.
6:15 of 3rd period - Slapshot by Nick Blankenburg.
6:15 of 3rd period - Shot Misses the Net.
6:45 of 3rd period - Colin Miller is hit by Ryan Leonard and loses puck.
7:26 of 3rd period - Slapshot by Brett Pesce.
7:26 of 3rd period - Shot Blocked by Mathieu Joseph.
7:32 of 3rd period - Slapshot by Brett Pesce.
7:32 of 3rd period - Deflect By Brandon Montour.
7:32 of 3rd period - Stopped by Frederik Andersen without a rebound.
7:33 of 3rd period - Connor Bedard wins face-off versus Patrick Brown in Blues zone.
8:06 of 3rd period - Minor Penalty to Josh Morrissey for Roughing.
8:07 of 3rd period - Alex DeBrincat wins face-off versus Connor Bedard in Golden Knights zone.
8:07 of 3rd period - Alex DeBrincat is hit by Trevor Zegras.
10:06 of 3rd period - Penalty to Josh Morrissey is over, Josh Morrissey is back on ice.
10:10 of 3rd period - Wrist shot by Josh Morrissey.
10:10 of 3rd period - Shot Misses the Net.
10:29 of 3rd period - Icing by Brett Pesce.
10:30 of 3rd period - Trevor Lewis wins face-off versus Patrick Brown in Golden Knights zone.
11:00 of 3rd period - Off-side.
11:01 of 3rd period - Shane Pinto wins face-off versus Mason Marchment in neutral zone.
11:22 of 3rd period - Snap shot by Brandon Hagel.
11:22 of 3rd period - Stopped by Anthony Stolarz with a rebound.
11:28 of 3rd period - Slapshot by Brandon Hagel.
11:28 of 3rd period - Stopped by Anthony Stolarz with a rebound.
11:57 of 3rd period - Slapshot by Mason Marchment.
11:57 of 3rd period - Stopped by Anthony Stolarz without a rebound.
11:58 of 3rd period - Ryan Leonard wins face-off versus Connor Bedard in Golden Knights zone.
12:05 of 3rd period - Wrist shot by Mike Matheson.
12:05 of 3rd period - Shot Blocked by Brandon Montour.
12:07 of 3rd period - Snap shot by Taylor Raddysh.
12:07 of 3rd period - Shot Misses the Net.
12:09 of 3rd period - Slapshot by Taylor Raddysh.
12:09 of 3rd period - Shot Blocked by Erik Karlsson.
12:11 of 3rd period - Backhand shot by Josh Anderson.
12:11 of 3rd period - Stopped by Frederik Andersen without a rebound.
12:12 of 3rd period - Tomas Hertl wins face-off versus Dylan Larkin in Blues zone.
12:23 of 3rd period - Snap shot by Mathew Barzal.
12:23 of 3rd period - Stopped by Anthony Stolarz without a rebound.
12:24 of 3rd period - Patrick Kane wins face-off versus Ryan Leonard in Golden Knights zone.
12:51 of 3rd period - Jared Spurgeon is hit by Sam Bennett and loses puck.
13:00 of 3rd period - Snap shot by Dylan Larkin.
13:00 of 3rd period - Stopped by Anthony Stolarz with a rebound.
13:26 of 3rd period - Joel Farabee is hit by Mathieu Joseph and loses puck.
13:31 of 3rd period - Pius Suter is hit by Caleb Jones and loses puck.
13:48 of 3rd period - Snap shot by Mason Marchment.
13:48 of 3rd period - Shot Misses the Net.
13:50 of 3rd period - Slapshot by Caleb Jones.
13:50 of 3rd period - Shot Blocked by Mike Matheson.
13:52 of 3rd period - Slapshot by Brandon Hagel.
13:52 of 3rd period - Stopped by Anthony Stolarz with a rebound.
13:54 of 3rd period - Snap shot by Brandon Hagel.
13:54 of 3rd period - Shot Hit the Post.
14:04 of 3rd period - Snap shot by Mason Marchment.
14:04 of 3rd period - Goal by Mason Marchment - Blues : 5 - Golden Knights : 2.
14:05 of 3rd period - Connor Bedard wins face-off versus Ryan Leonard in neutral zone.
14:08 of 3rd period - Wrist shot by Patrick Kane.
14:08 of 3rd period - Stopped by Anthony Stolarz with a rebound.
14:35 of 3rd period - Josh Morrissey is hit by Brandon Montour and loses puck.
14:42 of 3rd period - Slapshot by Mike Matheson.
14:42 of 3rd period - Deflect By Patrick Brown.
14:42 of 3rd period - Stopped by Frederik Andersen without a rebound.
14:43 of 3rd period - Sam Bennett wins face-off versus Ryan Leonard in Blues zone.
14:45 of 3rd period - Minor Penalty to Carson Soucy for High sticking.
14:46 of 3rd period - Ryan Leonard wins face-off versus Mason Marchment in Blues zone.
14:54 of 3rd period - Slapshot by Ryan Leonard.
14:54 of 3rd period - Goal by Ryan Leonard - Blues : 5 - Golden Knights : 3.
14:55 of 3rd period - Dylan Larkin wins face-off versus Ryan Leonard in neutral zone.
15:00 of 3rd period - Wrist shot by Dylan Larkin.
15:00 of 3rd period - Stopped by Anthony Stolarz without a rebound.
15:01 of 3rd period - Mathew Barzal wins face-off versus Ryan Leonard in Golden Knights zone.
15:01 of 3rd period - Mathew Barzal is hit by Jared Spurgeon.
15:29 of 3rd period - Snap shot by Mason Marchment.
15:29 of 3rd period - Stopped by Anthony Stolarz without a rebound.
15:30 of 3rd period - Shane Pinto wins face-off versus Mason Marchment in Golden Knights zone.
15:30 of 3rd period - Shane Pinto is hit by Mason Marchment.
16:11 of 3rd period - Snap shot by Brandon Hagel.
16:11 of 3rd period - Shot Misses the Net.
16:13 of 3rd period - Snap shot by Mathieu Joseph.
16:13 of 3rd period - Stopped by Anthony Stolarz with a rebound.
16:15 of 3rd period - Wrist shot by Brandon Hagel.
16:15 of 3rd period - Stopped by Anthony Stolarz with a rebound.
16:17 of 3rd period - Snap shot by Mathieu Joseph.
16:17 of 3rd period - Shot Misses the Net.
16:19 of 3rd period - Slapshot by Brandon Hagel.
16:19 of 3rd period - Shot Blocked by Josh Morrissey.
16:23 of 3rd period - Slapshot by Brandon Montour.
16:23 of 3rd period - Shot Blocked by Mike Matheson.
16:25 of 3rd period - Snap shot by Mason Marchment.
16:25 of 3rd period - Shot Misses the Net.
16:27 of 3rd period - Snap shot by Mason Marchment.
16:27 of 3rd period - Shot Misses the Net.
16:29 of 3rd period - Slapshot by Erik Karlsson.
16:29 of 3rd period - Shot Blocked by Shane Pinto.
16:31 of 3rd period - Slapshot by Erik Karlsson.
16:31 of 3rd period - Stopped by Anthony Stolarz with a rebound.
16:49 of 3rd period - Slapshot by Josh Morrissey.
16:49 of 3rd period - Stopped by Frederik Andersen with a rebound.
17:09 of 3rd period - Brandon Montour is hit by Shane Pinto and loses puck.
17:16 of 3rd period - Snap shot by Brandon Montour.
17:16 of 3rd period - Deflect By Mike Matheson.
17:16 of 3rd period - Stopped by Anthony Stolarz with a rebound.
17:18 of 3rd period - Slapshot by Brandon Montour.
17:18 of 3rd period - Shot Blocked by Joel Farabee.
17:20 of 3rd period - Wrist shot by Brandon Hagel.
17:20 of 3rd period - Shot Blocked by Mike Matheson.
17:46 of 3rd period - Snap shot by Brandon Hagel.
17:46 of 3rd period - Stopped by Anthony Stolarz without a rebound.
17:47 of 3rd period - Tomas Hertl wins face-off versus Dylan Larkin in Golden Knights zone.
17:49 of 3rd period - Minor Penalty to Alex DeBrincat for Interference.
17:50 of 3rd period - Patrick Brown wins face-off versus Connor Bedard in Golden Knights zone.
18:09 of 3rd period - Icing by Caleb Jones.
18:10 of 3rd period - Connor Bedard wins face-off versus Tomas Hertl in Blues zone.
18:43 of 3rd period - Wrist shot by Trevor Zegras.
18:43 of 3rd period - Stopped by Anthony Stolarz with a rebound.
18:45 of 3rd period - Snap shot by Filip Hronek.
18:45 of 3rd period - Goal by Filip Hronek - Blues : 6 - Golden Knights : 3.
18:46 of 3rd period - Tomas Hertl wins face-off versus Dylan Larkin in neutral zone.
19:01 of 3rd period - Wrist shot by Tomas Hertl.
19:01 of 3rd period - Shot Misses the Net.
19:03 of 3rd period - Slapshot by Alex DeBrincat.
19:03 of 3rd period - Stopped by Frederik Andersen with a rebound.
19:13 of 3rd period - Ryan Leonard is hit by Filip Hronek and loses puck.
Goals for this period are 3 for Blues vs 1 for Golden Knights.
Shots for this period are 24 for Blues vs 16 for Golden Knights.